 Dungeon Crawl Stone Soup version 0.28.0-62-gf88900778d (webtiles) character file.

Game seed: 6341784585375776037

39091 cbfl8 the Severer (level 13, -1/102 HPs)
             Began as a Minotaur Fighter on May 1, 2023.
             Was an Elder of Hepliaklqana.
             Slain by a minotaur
             ... wielding a +5 vorpal war axe
              (22 damage)
             ... in a Gauntlet on May 2, 2023.
             The game lasted 00:32:33 (19150 turns).

cbfl8 the Severer (Minotaur Fighter)               Turns: 19150, Time: 00:32:33

Health: -1/102     AC: 20    Str: 29      XL:     13   Next: 67%
Magic:  12/12      EV:  9    Int:  4 (5)  God:    Hepliaklqana [****..]
Gold:   586        SH:  0    Dex: 13      Spells: 12/12 levels left

rFire   + + +      SeeInvis +   r - +8 hand axe of Luliceni {venom, SInv}
rCold   . . .      Faith    .   b - +0 tower shield
rNeg    . . .      Spirit   .   d - +3 plate armour {rF+}
rPois   +          Reflect  +   (helmet unavailable)
rElec   .          Harm     .   C - scarf {repulsion}
rCorr   +          Rampage  .   B - +0 pair of gloves
Will    .....      NoTele   +   (no boots)
Stlth   ..........              q - amulet of reflection
HPRegen 0.27/turn               p - ring "Faokhlecs" {rPois rF++ rCorr}
MPRegen 0.13/turn               h - +6 ring of strength

@: confused, brilliant, ambrosia-drunk, attractive, studying Throwing, repel
missiles
A: reduced essence, horns 3, retaliatory headbutt, deterioration 1, evolution 1
a: Renounce Religion, Recall Ancestor, Ancestor Identity, Transference, Idealise


You were in a Gauntlet.
You worshipped Hepliaklqana.
Hepliaklqana was greatly pleased with you.
You visited 2 branches of the dungeon, and saw 15 of its levels.
You also visited: Bailey and Gauntlet.

You collected 1092 gold pieces.
You spent 506 gold pieces at shops.

Inventory:

Hand Weapons
 a - a +0 war axe of protection
 j - a +7 broad axe of flaming
 r - the +8 hand axe of Luliceni (weapon) {venom, SInv}
   (You found it on level 8 of the Dungeon)

   It poisons the flesh of those it strikes.
   SInv:      It lets you see invisible.
Armour
 b - a +0 tower shield (worn)
 d - a +3 plate armour of fire resistance (worn)
 f - a +0 hat
 w - a +0 pair of gloves of stealth
 B - a +0 pair of gloves (worn)
 C - a scarf of repulsion (worn)
Jewellery
 h - a +6 ring of strength (right hand)
 l - a +4 ring of protection
 p - the ring "Faokhlecs" (left hand) {rPois rF++ rCorr}
   (You found it in a Gauntlet)

   [ring of poison resistance]

   rF:        It greatly protects you from fire.
   rPois:     It protects you from poison.
   rCorr:     It protects you from acid and corrosion.
 q - an amulet of reflection (around neck)
Scrolls
 i - 2 scrolls of blinking
 m - a scroll of noise
 n - a scroll of teleportation
 o - 2 scrolls of fog
 t - a scroll of holy word
 u - a scroll of brand weapon
 v - 3 scrolls of fear
 E - a scroll of immolation
Potions
 k - a potion of resistance {unknown}
 s - 4 potions of curing
 z - a potion of mutation
 A - a potion of magic {unknown}
 D - 2 potions of berserk rage {unknown}
 F - a potion of heal wounds


   Skills:
 + Level 10.4 Fighting
 + Level 15.1 Axes
 * Level 12.3 Armour
 * Level 7.9 Dodging
 * Level 7.2 Stealth
 + Level 12.8 Shields
 * Level 5.5 Evocations


You had 12 spell levels left.
You didn't know any spells.
Your spell library contained the following spells:

 Spells                   Type           Power      Damage    Failure   Level
 Foxfire                  Conj/Fire      0%         2x1d4     100%        1
 Sandblast                Erth           0%         2d4       100%        1
 Blink                    Tloc           0%         N/A       100%        2
 Passwall                 Tmut/Erth      0%         N/A       100%        2
 Dazzling Flash           Conj/Hex       0%         N/A       100%        3
 Gell's Gravitas          Tloc           0%         N/A       100%        3
 Lesser Beckoning         Tloc           0%         N/A       100%        3
 Ozocubu's Armour         Ice            0%         N/A       100%        3
 Stone Arrow              Conj/Erth      0%         3d7       100%        3
 Teleport Other           Tloc           0%         N/A       100%        3
 Airstrike                Air            0%         N/A       100%        4
 Iskenderun's Mystic Bla  Conj/Tloc      0%         2d3       100%        4
 Passage of Golubria      Tloc           0%         N/A       100%        4
 Summon Lightning Spire   Summ/Air       0%         N/A       100%        4
 Lightning Bolt           Conj/Air       0%         1d11      100%        5
 Manifold Assault         Tloc           0%         N/A       100%        5
 Silence                  Hex/Air        0%         N/A       100%        5
 Dispersal                Tloc           0%         N/A       100%        6
 Starburst                Conj/Fire      0%         6d3       100%        6
 Ozocubu's Refrigeration  Ice            0%         4d5       100%        7
 Storm Form               Tmut/Air       0%         N/A       100%        7
 Lehudib's Crystal Spear  Conj/Erth      0%         10d2      100%        8


Dungeon Overview and Level Annotations

Branches:
Dungeon (14/15)            Temple (1/1) D:7            Lair (0/6) D:11
    Orc (0/2) D:11         Vaults (0/5) D:13         Bailey (visited)
Gauntlet (1/1)

Altars:
Ashenzari
Cheibriados
Dithmenos
Elyvilon
Fedhas
Gozag
Hepliaklqana
Kikubaaqudgha
Makhleb
Nemelex Xobeh
Okawaru
Qazlal
Ru
Sif Muna
Trog
Uskayaw
Vehumet
Wu Jian
Xom
Yredelemnul
Zin
The Shining One
Beogh

Shops:
D:2 ?   D:3 [   D:8 =   D:14 (

Annotations:
D:3 2 transporters, 1 runed translucent door, Crazy Yiuf; jjjjhere's ghost, weakling DEVM
D:14 Agnes Gauntlet 6 transporters, 1 runed translucent door


Innate Abilities, Weirdness & Mutations

Your life essence is reduced to manifest your ancestor. (-10% HP)
You have a pair of large horns on your head.
You reflexively headbutt those who attack you in melee.
Your body sometimes deteriorates upon taking damage.
You have hidden genetic potential.


Message History

You feel a hidden potential growing inside you.
Okay, then.
It was a potion of attraction.
You feel attractive to monsters.
It was a potion of brilliance.
You feel clever all of a sudden. You block the minotaur's attack.
My Infatuation blocks the minotaur's attack.
You block the minotaur's attack.
It was a potion of ambrosia.
You are confused.
You feel invigorated.
My Infatuation hits the minotaur but does no damage.
The minotaur hits you with a +5 vorpal war axe.
The minotaur hits My Infatuation with a +5 vorpal war axe.
The minotaur gores you!
You closely miss the minotaur.
The minotaur furiously retaliates!
The minotaur headbutts you.
You headbutt the minotaur, but do no damage.
My Infatuation hits the minotaur but does no damage.
My Infatuation blocks your attack.
My Infatuation is lightly damaged.
You barely miss the minotaur.
The minotaur furiously retaliates!
The minotaur headbutts you!
The minotaur hits you with a +5 vorpal war axe.
The minotaur hits My Infatuation with a +5 vorpal war axe.
The minotaur gores you.
My Infatuation barely misses the minotaur.
The minotaur furiously retaliates!
The minotaur headbutts My Infatuation.
You closely miss the minotaur.
The minotaur furiously retaliates!
The minotaur headbutts you!
Your headbutt misses the minotaur.
The minotaur hits you with a +5 vorpal war axe!!!
* * * LOW HITPOINT WARNING * * *
x2 The minotaur barely misses My Infatuation.
The minotaur gores you.
* * * LOW HITPOINT WARNING * * *
My Infatuation hits the minotaur with a +0 flail!
You bump into the metal wall.
The minotaur hits you with a +5 vorpal war axe!!
You die...

.#.#####$#..##
##.....#©#..≈##..#
©#####.###..###..#
##^.^#...#..≈##..##
.#.#.###.#..###... #
.#©#^..+.#..#....# #.#
.#########..#©...# ..
..........∩.#....##.#
............#...@H..# H
##########..#©..R##.##.#
.........#..#....# ..
.#....^#.#..###..##.#
..##.##..#..≈##.....#
..##.##.|#..###..##.#
..#.©.#.©#..≈##..# ..
..##.##.)#..###..# ##
..##.##..#..≈#####


You could see the friendly My Infatuation the knight and a minotaur (ally
target).

Vanquished Creatures
  4 vault guards (D:13)
  3 boulder beetles
  2 centaur warriors (D:14)
  2 hydras
  5 two-headed ogres
  An ogre mage (D:14)
  A thrashing horror (Gauntlet)
  Pikel (D:5)
  2 deep elf pyromancers
  An orc knight (D:11)
  An ugly thing (D:12)
  A cyclops (D:9)
  3 manticores
  A worldbinder (Gauntlet)
  Maurice (D:10)
  Joseph (D:10)
  A centaur skeleton (D:13)
  3 unseen horrors
  3 gargoyles
  A freezing wraith (D:14)
  A komodo dragon (D:10)
  5 trolls
  A hornet (D:11)
  2 slime creatures
  A centaur simulacrum (Gauntlet)
  A shadow (D:9)
  4 water elementals (D:13)
  A vampire (D:13)
  Eustachio (D:6)
  5 yaks (D:10)
  3 spriggans (Bailey)
  3 wraiths
  4 wyverns
  2 basilisks (D:11)
  A steam dragon (Bailey)
  Menkaure (D:5)
  4 vampire mosquitoes
  3 acid dragons
  3 water moccasins
  A meliai simulacrum (D:13)
  3 necrophages (D:6)
  A sky beast (D:6)
  3 orc warriors
  An ice beast (D:6)
  2 wolves (D:11)
  3 black bears
  7 ogres
  3 boggarts (Gauntlet)
  18 centaurs
  A small abomination (Gauntlet)
  2 lemures
  3 kobold brigands
  A gnoll sergeant (D:6)
  6 scorpions
  2 water moccasin zombies (D:5)
  A hornet simulacrum (Gauntlet)
  2 water moccasin skeletons
  6 killer bees
  8 wights
  3 electric eels (D:13)
  2 howler monkeys (D:9)
  4 centaur zombies
  4 jellies
  2 bullfrog skeletons
  4 orc priests
  2 hounds
  2 iguanas
  Natasha (thrice) (D:2)
  10 orc wizards
  A scorpion zombie (D:5)
  A killer bee zombie (D:8)
  2 howler monkey zombies
  6 gnolls
  9 adders
  A shadow imp (D:6)
  A white imp (D:7)
  An ufetubus (D:4)
  A worm (D:3)
  An adder skeleton (D:2)
  3 dart slugs
  41 orcs
  5 bats
  16 endoplasms
  4 giant cockroaches
  7 goblins
  6 hobgoblins
  7 jackals
  15 kobolds
  4 quokkas
  6 ball pythons
  3 frilled lizards
  6 rats
341 creatures vanquished.

Vanquished Creatures (collateral kills)
  Snorg (D:10)
  4 vault guards (D:13)
  A centaur warrior (D:12)
  A two-headed ogre (D:11)
  A manticore (D:12)
  2 centaur zombies (D:13)
  A centaur skeleton (D:13)
  2 trolls (D:11)
  A centaur simulacrum (Gauntlet)
  5 spriggans (Bailey)
  A wraith (D:12)
  A water elemental (D:13)
  An orc warrior (D:11)
  5 ogres (Bailey)
  A wolf (D:11)
  2 small abominations (Gauntlet)
  An orc priest (D:11)
  7 endoplasms (D:13)
  2 kobolds (D:9)
40 creatures vanquished.

Vanquished Creatures (others)
  An unseen horror (D:12)
  An ancestor (D:9)
  8 knights
  3 demonic plants (Gauntlet)
  16 fungi
  16 plants
45 creatures vanquished.

Grand Total: 426 creatures vanquished

Notes
Turn   | Place    | Note
-------+----------+-------------------------------------------
     0 | D:1      | cbfl8 the Minotaur Fighter began the quest for the Orb.
     0 | D:1      | Reached XP level 1. HP: 19/19 MP: 0/0
   183 | D:1      | Reached XP level 2. HP: 27/27 MP: 1/1
   621 | D:2      | Noticed Natasha
   626 | D:2      | Killed Natasha
   627 | D:2      | Reached skill level 3 in Axes
   627 | D:2      | Reached XP level 3. HP: 32/33 MP: 2/2
   994 | D:2      | Noticed Natasha
   998 | D:2      | Killed Natasha
   999 | D:2      | Reached XP level 4. HP: 40/40 MP: 3/3
  1095 | D:2      | Reached skill level 4 in Axes
  1099 | D:2      | Noticed Natasha
  1110 | D:2      | Killed Natasha
  1380 | D:2      | Found Wafais's Magic Scroll Boutique.
  1383 | D:2      | Bought a scroll of teleportation for 39 gold pieces
  1517 | D:3      | Reached XP level 5. HP: 47/47 MP: 4/4
  1948 | D:3      | Found Jemuil's Antique Armour Shoppe.
  2012 | D:3      | Identified the +0 ring mail of Nikuz {rF- rCorr Str+2}
  2012 | D:3      | Identified the +1 buckler "Fudwouzo" {Harm Drain Will+++
                  | Regen+}
  2095 | D:3      | Found a transporter.
  2101 | D:3      | Found a transporter.
  2248 | D:3      | Noticed jjjjhere's ghost (weakling DEVM)
  2470 | D:3      | Found a runed translucent door.
  2471 | D:3      | Noticed Crazy Yiuf
  2888 | D:4      | Reached skill level 5 in Axes
  3016 | D:4      | Reached XP level 6. HP: 46/53 MP: 5/5
  3084 | D:4      | Reached skill level 5 in Armour
  3300 | D:4      | Reached skill level 6 in Axes
  3300 | D:4      | Reached skill level 1 in Dodging
  3300 | D:4      | Reached skill level 5 in Shields
  3483 | D:5      | Entered Level 5 of the Dungeon
  3489 | D:4      | Reached XP level 7. HP: 46/60 MP: 6/6
  3777 | D:5      | Reached skill level 5 in Fighting
  3868 | D:5      | Reached skill level 7 in Axes
  4309 | D:5      | Noticed Menkaure
  4313 | D:5      | Killed Menkaure
  4314 | D:5      | Reached XP level 8. HP: 69/69 MP: 7/7
  4472 | D:5      | Reached skill level 8 in Axes
  5672 | D:6      | Reached skill level 9 in Axes
  5699 | D:6      | Reached skill level 1 in Stealth
  5699 | D:6      | Reached XP level 9. HP: 67/75 MP: 8/8
  5784 | D:6      | Noticed Pikel
  5905 | D:5      | Killed Pikel
  5906 | D:5      | Reached skill level 10 in Axes
  6104 | D:6      | Noticed Eustachio
  6124 | D:6      | Killed Eustachio
  6974 | D:7      | Reached skill level 1 in Evocations
  7010 | D:7      | Noticed a troll
  7015 | D:7      | Killed a troll
  7016 | D:7      | Reached skill level 11 in Axes
  7174 | D:7      | Found a staircase to the Ecumenical Temple.
  7204 | D:7      | Reached XP level 10. HP: 67/84 MP: 9/9
  7284 | Temple   | Entered the Ecumenical Temple
  7944 | Temple   | Became a worshipper of Hepliaklqana the Forgotten
  8600 | D:8      | Noticed a two-headed ogre
  8683 | D:8      | Killed a two-headed ogre
  8950 | D:8      | Identified the +8 hand axe of Luliceni {venom, SInv}
  8972 | D:8      | Found Vowelux's Jewellery Emporium.
  8995 | D:8      | Reached * piety under Hepliaklqana
  9147 | D:8      | Found a snail-covered altar of Cheibriados.
  9482 | D:9      | Noticed a two-headed ogre
  9492 | D:9      | Killed a two-headed ogre
  9493 | D:9      | Reached skill level 12 in Axes
 10017 | D:9      | Noticed a cyclops
 10024 | D:9      | Killed a cyclops
 10315 | D:9      | Reached ** piety under Hepliaklqana
 10413 | D:9      | Remembered your ancestor My Infatuation as a knight
 10567 | D:10     | Entered Level 10 of the Dungeon
 10640 | D:10     | Noticed Joseph
 10651 | D:10     | Killed Joseph
 10672 | D:10     | Reached XP level 11. HP: 63/84 MP: 10/10
 10750 | D:10     | Noticed Snorg
 10848 | D:10     | Killed Snorg
 10849 | D:10     | Reached skill level 5 in Dodging
 10887 | D:10     | Found a flagged portal.
 10896 | Bailey   | Entered a bailey
 11326 | Bailey   | Identified the +5 long sword "Bowkit" {flame, rN+ Str+3
                  | Int+3}
 11332 | Bailey   | Reached skill level 10 in Shields
 11539 | Bailey   | Reached skill level 13 in Axes
 11584 | Bailey   | Noticed a two-headed ogre
 11639 | Bailey   | Killed a two-headed ogre
 11640 | Bailey   | Reached skill level 10 in Armour
 12236 | D:10     | Noticed Maurice
 12239 | D:10     | Paralysed by Maurice for 3 turns
 12247 | D:10     | Killed Maurice
 12778 | D:11     | Noticed a two-headed ogre
 13022 | D:11     | Found a staircase to the Lair.
 13026 | D:11     | Reached XP level 12. HP: 93/93 MP: 11/11
 13031 | D:11     | Reached skill level 14 in Axes
 13036 | D:11     | Killed a two-headed ogre
 13504 | D:11     | Reached *** piety under Hepliaklqana
 13662 | D:11     | Noticed a two-headed ogre
 13669 | D:11     | Killed a two-headed ogre
 14251 | D:11     | Found a staircase to the Orcish Mines.
 14867 | D:12     | Noticed a two-headed ogre
 14870 | D:12     | Noticed a boulder beetle
 14870 | D:12     | Noticed a centaur warrior
 15119 | D:12     | Noticed a boulder beetle
 15121 | D:12     | Killed a centaur warrior
 15248 | D:11     | Killed a boulder beetle
 15454 | D:12     | Killed a boulder beetle
 15469 | D:12     | Noticed a seven-headed hydra
 15473 | D:12     | Reached skill level 5 in Stealth
 15529 | D:11     | Killed a 16-headed hydra
 15993 | D:12     | Killed a two-headed ogre
 16270 | D:13     | Noticed a boulder beetle
 16283 | D:13     | Killed a boulder beetle
 16377 | D:13     | Noticed a vault guard
 16377 | D:13     | Noticed a vault guard
 16377 | D:13     | Noticed a vault guard
 16378 | D:13     | Found a gate to the Vaults.
 16378 | D:13     | Noticed a vault guard
 16378 | D:13     | Noticed a vault guard
 16378 | D:13     | Noticed a vault guard
 16379 | D:13     | Noticed a vault guard
 16553 | D:13     | Noticed a vault guard
 16554 | D:13     | Reached XP level 13. HP: 91/101 MP: 12/12
 16787 | D:13     | Identified the +0 leather armour "Pugraygh" {*Slow rN+
                  | Stlth+}
 16844 | D:13     | Reached skill level 10 in Fighting
 17090 | D:13     | Reached skill level 5 in Evocations
 18408 | D:14     | Noticed Agnes
 18424 | D:14     | Reached skill level 15 in Axes
 18466 | D:14     | Reached **** piety under Hepliaklqana
 18526 | D:14     | Found Zegesoz's Weapon Shoppe.
 18536 | D:14     | Bought a +4 broad axe of flaming for 467 gold pieces
 18652 | D:14     | Found a gate leading to a gauntlet.
 18662 | Gauntlet | Entered a Gauntlet
 18662 | Gauntlet | Found a transporter.
 18662 | Gauntlet | Found a transporter.
 18770 | Gauntlet | Found a transporter.
 18771 | Gauntlet | Found a transporter.
 18772 | Gauntlet | Found a transporter.
 18774 | Gauntlet | Found a transporter.
 18782 | Gauntlet | Found a transporter.
 18783 | Gauntlet | Found a transporter.
 18784 | Gauntlet | Found a transporter.
 18785 | Gauntlet | Found a transporter.
 18792 | Gauntlet | Found a runed translucent door.
 18794 | Gauntlet | Found a transporter.
 18795 | Gauntlet | Found a transporter.
 19035 | Gauntlet | Identified the ring "Faokhlecs" {rPois rF++ rCorr}
 19079 | Gauntlet | Got Huduj's Incunabulum of Orientation and the Blaze
 19137 | Gauntlet | Noticed a minotaur
 19143 | Gauntlet | Gained mutation: Your body sometimes deteriorates upon
                  | taking damage. [potion of mutation]
 19143 | Gauntlet | Gained mutation: You have a pair of large horns on your
                  | head. [potion of mutation]
 19143 | Gauntlet | Gained mutation: You have hidden genetic potential. [potion
                  | of mutation]
 19150 | Gauntlet | Slain by a minotaur

Illustrated notes

Levels and vault maps discovered:
D:1:      dpeg_arrival_tiny_f, layout_rooms, chequers_serial_rivers_small_a
D:2:      layout_loops_ring, serial_shops, nicolae_shop_behind_doors,
          uniq_natasha
D:3:      layout_basic, gammafunk_ghost_gnarly_gnolls, serial_shops,
          nicolae_diamond_shop, serial_park_tiny_1,
          kennysheep_decorative_pillar, uniq_crazy_yiuf_cottage
D:4:      layout_basic, chequers_avenue
D:5:      layout_rooms, nicolae_fountain_basement, uniq_menkaure
D:6:      layout_cave_pools, minmay_misc_feat_tower, moated_statue,
          hangedman_decor_growths, minmay_manual_mares, uniq_eustachio,
          uniq_pikel
D:7:      layout_gridville, minmay_temple_entry_crystal_x
D:8:      layout_cave_pools, mainiacjoe_overflow_concentric_impassable,
          serial_column_ruins, column_ruins_hut_pillars, column_ruins_grid_2,
          column_ruins_open_tiny, column_ruins_columns_dead_end,
          column_ruins_open_tiny, column_ruins_corridor_corner,
          column_ruins_open_large, serial_shops, kennysheep_mini_moat
D:9:      layout_basic, serial_bayou_crossing
D:10:     layout_basic, enter_bailey_8, uniq_joseph, uniq_snorg, uniq_maurice
D:11:     layout_long_grid, minmay_lair_entry_grove, david_orc_5,
          minmay_misc_feat_five
D:12:     minmay_bloctagon, layout_rooms
D:13:     lemuel_slime, layout_basic, erik_vaults_2, hangedman_weighted_door,
          amcnicky_mini_corridor_feature
D:14:     layout_loops_corners, hangedman_abyss_or_decor_stagger, serial_shops,
          nicolae_square_shop, gauntlet_entry_generic, minivault_21, uniq_agnes
Temple:   mainiacjoe_temple_trianglar_array
Gauntlet: minmay_gauntlet_mixed_big_or_small [gammafunk_gauntlet_arena_chambers,
          minmay_gauntlet_arena_77_checkered, gammafunk_gauntlet_arena_mazey,
          minmay_gauntlet_arena_77_museum, nicolae_gauntlet_arena_blocks,
          minmay_gauntlet_arena_77_path, gauntlet_exit_watery]

Skill      XL: |  1  2  3  4  5  6  7  8  9 10 11 12 13 |
---------------+----------------------------------------+-----
Shields        | 4 5 6 8 9 11 12 | 12.8
Fighting       | 4 5 6 8 9 10 | 10.4
Axes           | 3 4 5 6 7 9 11 12 13 14 15 | 15.1
Armour         | 4 5 6 7 8 9 10 11 12 | 12.3
Dodging        | 1 2 3 4 5 7 |  7.9
Stealth        | 1 2 3 6 7 |  7.2
Evocations     | 1 3 4 5 |  5.5

Action                   |  1- 3 |  4- 6 |  7- 9 | 10-12 | 13-15 || total
-------------------------+-------+-------+-------+-------+-------++-------
Melee: War axe           |    50 |   131 |   240 |    87 |       ||   508
       Headbutt          |     4 |    22 |    46 |    89 |    42 ||   203
       Hand axe          |       |       |       |   394 |   163 ||   557
       Broad axe         |       |       |       |       |    16 ||    16
Invok: Ancestor Identity |       |       |       |     2 |       ||     2
       Recall Ancestor   |       |       |       |     2 |       ||     2
       Ancestor Life: Kn |       |       |       |     1 |       ||     1
Evoke: Wand              |       |       |     5 |    29 |     1 ||    35
  Use: Scroll            |       |       |     7 |    13 |     9 ||    29
       Potion            |       |       |     7 |     3 |     4 ||    14
 Stab: Paralysed         |       |       |     4 |    24 |       ||    28
       Distracted        |       |       |       |     3 |     2 ||     5
Armor: Scale mail        |    29 |       |       |       |       ||    29
       Ice dragon scales |     3 |    46 |   108 |   178 |    29 ||   364
       Plate armour      |       |       |       |       |    37 ||    37
Dodge: Dodged            |    35 |    65 |   114 |   196 |    37 ||   447
       Repelled          |       |       |       |     2 |     1 ||     3
Block: Buckler           |    18 |    59 |   151 |   273 |       ||   501
       Reflection        |       |       |     5 |    14 |    12 ||    31
       Tower shield      |       |       |       |    13 |   196 ||   209
